 Dungeon Crawl Stone Soup version 0.24-a0-235-g3f03afcf10 (webtiles) character file.

Game seed: 16026967383164244932

476 Redear the Skirmisher (level 7, -2/61 HPs)
             Began as a Hill Orc Fighter on Apr 5, 2019.
             Slain by an adder (4 damage)
             ... on level 5 of the Dungeon.
             The game lasted 00:08:54 (4278 turns).

Redear the Skirmisher (Hill Orc Fighter)            Turns: 4278, Time: 00:08:55

Health: -2/61      AC:  7    Str: 19    XL:     7   Next: 10%
Magic:  7/7        EV: 14    Int: 10    God:
Gold:   199        SH:  0    Dex: 15    Spells: 6/6 levels left

rFire    . . .     SeeInvis .   x - +0 battleaxe
rCold    . . .     Gourm    .   (shield currently unavailable)
rNeg     . . .     Faith    .   b - +0 scale mail
rPois    .         Spirit   .   (no helmet)
rElec    .         Reflect  .   (no cloak)
rCorr    .         Harm     .   (no gloves)
MR       .....                  (no boots)
Stlth    +.........             (no amulet)
HPRegen  0.20/turn              (no ring)
MPRegen  0.10/turn              (no ring)

@: agile, lethally poisoned (-2 -> -3)
A: no striking features
a: no special abilities


You were on level 5 of the Dungeon.
You were hungry.

You visited 1 branch of the dungeon, and saw 5 of its levels.
You also visited: Sewer.

You collected 199 gold pieces.

Inventory:

Hand Weapons
 a - a +0 war axe
 x - a +0 battleaxe (weapon)
Missiles
 d - 28 bolts
 k - 65 stones (quivered)
 l - 8 tomahawks
 m - 98 arrows
 t - 16 poisoned needles
Armour
 b - a +0 scale mail (worn)
 c - a +0 shield
 p - a +0 large shield
 q - a +0 leather armour
Jewellery
 w - a +3 ring of evasion {unknown}
Wands
 v - a wand of random effects (12)
Scrolls
 f - 2 scrolls of magic mapping {unknown}
 g - 2 scrolls of teleportation {unknown}
 i - a scroll of noise {unknown}
 o - a scroll of enchant weapon {unknown}
 r - a scroll of fear {unknown}
 u - 2 scrolls of remove curse {unknown}
 y - a scroll of summoning {unknown}
 R - a scroll of identify {@r1}
Potions
 e - a potion of haste {unknown}
 h - 4 potions of cancellation
 j - 2 potions of brilliance {Archmagi Int+5 Wiz++}
 n - a potion of curing {unknown}
 s - a potion of agility {Stlth+ Dex+5 EV+5 | @q4}
 A - a potion of heal wounds {@q1}
Comestibles
 z - 9 rations


   Skills:
 + Level 5.6 Fighting
 + Level 5.4 Axes
 + Level 5.1 Armour
 + Level 5.1 Shields


You had 6 spell levels left.
You didn't know any spells.
Your spell library was empty.

Dungeon Overview and Level Annotations

Branches:
Dungeon (5/15)
 Temple: D:4-7

Altars:
Dithmenos
Nemelex Xobeh
Okawaru
Qazlal
Vehumet
Xom
Yredelemnul
The Shining One

Shops:
D:4 [


Message History

* * * LOW HITPOINT WARNING * * *
The adder bites you.
* * * LOW HITPOINT WARNING * * *
You take 3 damage, and have 7/61 hp.
Unknown command.
You hit the adder.
The adder is almost dead.
You closely miss the adder.
You feel sick. The adder barely misses you. The adder bites you.
* * * LOW HITPOINT WARNING * * *
The adder closely misses you. The adder bites you but does no damage.
You take 2 damage, and have 5/61 hp.
You hit the adder.
You kill the adder!
You barely miss the adder. The adder barely misses you.
The adder closely misses you.
You hit the adder but do no damage. The adder bites you.
* * * LOW HITPOINT WARNING * * *
The adder bites you.
You die...

.......... ........S..#
#.).......##....=.##.###
...................### $
.....................##
......................
.....................
................##..##
.......†S......#....####
#......@.......#..<.....
....#...†......#........
#. ##..................
#..................
##..................
#.<.................
##..>...##..........
###....#####.......
##..## .......#


You could see an adder.

Vanquished Creatures
  Purgy (Sewer)
  A bullfrog zombie (D:5)
  3 hounds
  2 iguanas
  A worker ant (D:4)
  Terence (D:2)
  8 adders
  6 dart slugs
  5 orcs
  12 bats
  4 giant cockroaches
  11 goblins
  4 hobgoblins
  7 jackals
  2 quokkas (D:4)
  3 frilled lizards
  A jackal skeleton (D:5)
  5 kobolds
  6 rats
  A spectral orc (D:2)
84 creatures vanquished.

Notes
Turn   | Place    | Note
-------+----------+-------------------------------------------
     0 | D:1      | Redear the Hill Orc Fighter began the quest for the Orb.
     0 | D:1      | Reached XP level 1. HP: 19/19 MP: 1/1
   146 | D:1      | Reached skill level 3 in Axes
   149 | D:1      | Reached XP level 2. HP: 24/27 MP: 2/2
   479 | D:1      | Reached skill level 4 in Fighting
   479 | D:1      | Reached XP level 3. HP: 32/33 MP: 3/3
   954 | D:2      | Noticed Terence
   968 | D:2      | Killed Terence
   968 | D:2      | Reached XP level 4. HP: 32/40 MP: 4/4
   993 | D:2      | Found an iron altar of Okawaru.
  1120 | D:2      | Found a stormy altar of Qazlal.
  1244 | D:2      | Found a shimmering altar of Xom.
  1257 | D:2      | Reached skill level 4 in Armour
  1339 | D:2      | Found a basalt altar of Yredelemnul.
  1420 | D:2      | Reached skill level 4 in Shields
  1941 | D:3      | Found a glowing golden altar of the Shining One.
  2071 | D:3      | Reached skill level 4 in Axes
  2154 | D:3      | Found a glowing drain.
  2172 | Sewer    | Entered a sewer
  2211 | Sewer    | Noticed Purgy
  2240 | Sewer    | Killed Purgy
  2240 | Sewer    | Reached XP level 5. HP: 33/47 MP: 5/5
  2385 | D:3      | Found a radiant altar of Vehumet.
  2746 | D:3      | Reached skill level 5 in Fighting
  2746 | D:3      | Reached XP level 6. HP: 47/56 MP: 6/6
  3291 | D:4      | Reached skill level 5 in Axes
  3526 | D:4      | Found a sparkling altar of Nemelex Xobeh.
  3614 | D:4      | Found Jeiset's Armour Shop.
  3678 | D:5      | Entered Level 5 of the Dungeon
  4027 | D:5      | Found a shadowy altar of Dithmenos.
  4267 | D:5      | Reached skill level 5 in Armour
  4272 | D:5      | Reached skill level 5 in Shields
  4272 | D:5      | Reached XP level 7. HP: 15/61 MP: 7/7
  4276 | D:5      | HP: 6/61 [poisoned by an adder]
  4278 | D:5      | HP: 2/61 [adder (4)]
  4278 | D:5      | Slain by an adder

Levels and vault maps discovered:
D:1:      dpeg_arrival_renting, layout_basic, minmay_statues_item
D:2:      layout_basic, yredelemnul_forgotten_temple_becter, xom_teletrap_fun,
          grunt_qazlal_clouds, okawaru_ov_weapons_minmay, first_ration,
          uniq_terence
D:3:      layout_loops_cross, tso_metal_star, lemuel_doored_altar,
          cheibrodos_sewer_entry_drain, serial_glass, glass_columns_b,
          glass_columns_a, glass_columns_a, glass_columns_c, glass_columns_a,
          glass_columns_a
D:4:      layout_cave_pods, nemelex_xobeh_ov_fountains_minmay, serial_shops,
          shop, grunt_ministairs_3
D:5:      layout_cave_pools, lemuel_crystal_altar, kennysheep_little_box,
          basic_altar
Sewer:    sewer_big_baddie

Skill      XL: |  1  2  3  4  5  6 |
---------------+-------------------+-----
Axes           | 3 4 5 |  5.4
Fighting       | 4 5 |  5.6
Armour         | 4 5 |  5.1
Shields        | 4 5 |  5.1

Action                   |  1- 3 |  4- 6 |  7- 9 || total
-------------------------+-------+-------+-------++-------
Melee: War axe           |    71 |   126 |       ||   197
       Battleaxe         |       |    54 |     6 ||    60
Throw: Stone             |       |     2 |       ||     2
  Use: Potion            |     1 |     3 |       ||     4
       Scroll            |       |     4 |       ||     4
  Eat: Chunk             |       |     7 |       ||     7
       Ration            |       |     1 |       ||     1
Armor: Scale mail        |    30 |   152 |     5 ||   187
Dodge: Dodged            |    44 |   189 |    18 ||   251

Table legend:
 A = Non-vault XP
 B = Vault XP
 C = Vault XP percentage of total XP
 D = Non-vault monster count
 E = Vault monster count
 F = Vault count percentage of total count
                 A         B        C        D         E       F
            +---------+---------+-------+---------+---------+-------
      Total |     485 |     195 |  28.7 |      72 |      12 |  14.3
            +---------+---------+-------+---------+---------+-------
        D:1 |      56 |       0 |   0.0 |      29 |       0 |   0.0
        D:2 |      58 |      33 |  36.3 |      13 |       2 |  13.3
        D:3 |      35 |       3 |   7.9 |      11 |       2 |  15.4
        D:4 |     169 |      15 |   8.2 |      10 |       2 |  16.7
        D:5 |     167 |       0 |   0.0 |       9 |       0 |   0.0
      Sewer |       0 |     144 | 100.0 |       0 |       6 | 100.0
            +---------+---------+-------+---------+---------+-------
